Map: Catalyst LE

Players

Nerchio - Winner!

  • Race: Zerg Zerg
  • Spawn Location: 11:00

Cham

  • Race: Zerg Zerg
  • Spawn Location: 5:00

Event: WCS Leipzig 2018

VOD

Have the link to the VOD?

Description

Time

  • Played on: Jan. 26, 2018, 1:57 p.m.
  • Length: 10:16

All games in this series

Show
View Real Time Build Order
Export as new Build Order

Nerchio Zerg - Winner!

Build Orders: Hatch First 

Get SALT Encoding   

  12  0:00  Drone  
  13  0:12  Overlord  
  13  0:17  Drone  
  14  0:31  Drone x2  
  14  0:34  Drone  
  17  0:52  Hatchery  
  17  0:55  Drone  
  17  0:59  Drone  
  18  1:07  Extractor  
  17  1:14  Spawning Pool  
  17  1:17  Drone  
  17  1:21  Drone  
  18  1:28  Drone  
  19  1:43  Overlord  
  19  1:49  Drone  
  20  2:00  Queen  
  22  2:01  Zergling x2  
  22  2:04  Zergling x2, Queen  
  26  2:09  Metabolic Boost  
  26  2:14  Drone  
  28  2:15  Drone  
  28  2:22  Drone  
  29  2:26  Drone  
  30  2:32  Drone  
  31  2:41  Hatchery  
  30  2:47  Baneling Nest  
  30  2:48  Drone  
  30  2:55  Drone x2  
  30  2:56  Drone  
  33  3:01  Overlord  
  33  3:04  Zergling x2  
  34  3:10  Zergling x2  
  34  3:11  Zergling x2  
  35  3:22  Drone x5  
  35  3:23  Drone  
  35  3:26  Evolution Chamber  
  41  3:28  Queen  
  41  3:33  Overlord  
  43  3:36  Drone  
  43  3:42  Overlord  
  43  3:45  Drone  
  43  3:46  Overlord  
  44  3:52  Zerg Missile Weapons Level 1  
  44  3:54  Drone x3  
  44  3:55  Zergling x2  
  48  3:57  Zergling x2  
  48  3:58  Zergling x2  
  50  4:11  Drone x3  
  50  4:12  Drone, Lair  
  50  4:13  Drone  
  50  4:15  Drone, Extractor  
  55  4:17  Drone, Extractor  
  55  4:19  Drone  
  55  4:20  Drone  
  57  4:26  Drone, Roach Warren  
  57  4:28  Drone  
  58  4:32  Overlord  
  57  4:43  Zergling x12  
  62  4:47  Drone  
  62  4:48  Drone  
  64  4:54  Overlord  
  64  4:58  Overlord  
  64  5:06  Drone  
  65  5:07  Evolution Chamber  
  65  5:08  Roach x6  
  65  5:11  Overlord  
  65  5:13  Glial Reconstitution  
  76  5:17  Roach  
  76  5:18  Roach  
  76  5:20  Roach  
  82  5:24  Overseer  
  82  5:25  Overlord  
  82  5:28  Roach  
  84  5:29  Roach  
  84  5:31  Roach  
  84  5:33  Roach  
  90  5:39  Drone x2, Extractor  
  90  5:40  Drone  
  92  5:43  Overlord x2  
  92  5:51  Drone x6  
  92  5:52  Drone  
  92  5:53  Drone  
  92  5:56  Extractor  
  99  5:57  Zerg Missile Weapons Level 2  
  99  6:03  Zerg Ground Armor Level 1  
  99  6:04  Drone  
  99  6:05  Drone  
  99  6:07  Drone  
  99  6:09  Drone x2  
  104  6:15  Roach x2  
  104  6:16  Roach  
  110  6:22  Drone  
  110  6:23  Drone x2  
  112  6:35  Roach x3  
  112  6:38  Drone x4  
  112  6:39  Hatchery  
  117  6:40  Extractor  
  117  6:42  Hydralisk Den  
  117  6:46  Roach x3  
  121  6:48  Overlord  
  121  6:52  Overlord x2  
  121  6:55  Overlord  
  121  7:06  Overlord  
  121  7:09  Roach x4  
  121  7:11  Hydralisk x3  
  121  7:14  Roach  
  121  7:15  Roach  
  139  7:20  Hydralisk, Muscular Augments  
  139  7:22  Roach  
  143  7:24  Roach  
  145  7:30  Roach x4  
  145  7:33  Roach x2  
  157  7:39  Roach x2  
  157  7:40  Overlord  
  157  7:41  Overlord  
  161  7:45  Overlord x2  
  161  7:48  Overlord  
  161  7:53  Roach x3  
  161  7:58  Roach  
  167  7:59  Roach x2  
  167  8:01  Hydralisk  
  167  8:02  Hydralisk  
  172  8:06  Roach x2  
  172  8:08  Roach  
  176  8:14  Hydralisk  
  176  8:15  Hydralisk x2  
  176  8:17  Hydralisk  
  176  8:19  Ravager  
  186  8:20  Ravager  
  186  8:21  Ravager  
  186  8:23  Hydralisk  
  186  8:25  Overseer  
  186  8:26  Ravager  
  186  8:27  Ravager x2  
  192  8:28  Hydralisk  
  192  8:30  Roach  
  192  8:31  Roach  
  192  8:34  Roach  
  200  8:39  Roach x2  
  200  8:40  Roach  
  200  8:41  Roach  
  190  8:42  Roach  
  190  8:45  Roach x2  
  190  8:47  Roach  
  167  8:49  Roach  
  167  8:53  Roach x2  
  167  8:54  Roach  
  167  8:55  Roach  
  167  8:57  Roach  
  167  9:00  Hydralisk  
  171  9:03  Drone  
  171  9:04  Drone x2, Hydralisk  
  171  9:07  Hydralisk  
  171  9:09  Hydralisk  
  178  9:11  Hydralisk  
  178  9:16  Hydralisk x2  
  186  9:19  Hydralisk  
  186  9:23  Hydralisk  
  190  9:25  Hydralisk  
  190  9:28  Roach  
  190  9:29  Roach  
  190  9:30  Roach  
  198  9:35  Hydralisk  
  200  9:40  Extractor  
  199  9:53  Hatchery  
Show
View Real Time Build Order
Export as new Build Order

Cham Zerg 

Build Orders: Hatch First 

Get SALT Encoding   

  12  0:01  Drone  
  13  0:08  Drone  
  14  0:18  Overlord  
  14  0:37  Drone x3  
  17  0:53  Hatchery  
  17  0:55  Drone  
  17  1:09  Spawning Pool  
  16  1:11  Drone  
  16  1:16  Extractor  
  16  1:17  Drone  
  17  1:20  Drone  
  18  1:31  Drone  
  19  1:51  Overlord  
  19  1:55  Queen  
  19  1:56  Drone  
  22  2:05  Drone, Queen  
  22  2:06  Drone  
  26  2:14  Zergling x2  
  27  2:17  Drone, Metabolic Boost  
  28  2:25  Drone  
  28  2:27  Drone  
  30  2:31  Queen  
  32  2:37  Overlord  
  32  2:41  Drone  
  33  2:52  Drone x2  
  33  2:56  Evolution Chamber  
  34  3:05  Drone  
  34  3:06  Drone x4  
  39  3:13  Zergling x2  
  39  3:14  Zergling x2  
  39  3:15  Drone x2, Roach Warren  
  41  3:21  Spore Crawler  
  41  3:26  Drone x2  
  43  3:28  Overlord  
  43  3:36  Drone, Evolution Chamber  
  43  3:39  Drone, Lair  
  44  3:46  Drone, Zerg Missile Weapons Level 1  
  44  3:47  Drone  
  46  3:49  Extractor x2  
  46  3:55  Drone x3  
  46  3:56  Drone  
  46  3:57  Drone x2  
  46  4:01  Overlord  
  50  4:04  Drone  
  51  4:15  Overlord x2  
  50  4:21  Roach x3  
  50  4:23  Roach  
  58  4:30  Hatchery  
  57  4:33  Roach  
  57  4:36  Glial Reconstitution  
  58  4:39  Roach  
  58  4:41  Roach  
  59  4:48  Roach x2  
  59  4:52  Overlord  
  63  4:54  Roach x2  
  63  4:57  Overlord  
  67  5:00  Drone x2  
  67  5:05  Queen  
  71  5:08  Drone  
  71  5:09  Drone  
  71  5:10  Drone  
  71  5:12  Drone  
  75  5:15  Drone x2  
  75  5:21  Overlord  
  77  5:22  Drone x2  
  77  5:28  Drone x2  
  81  5:29  Extractor  
  81  5:31  Zerg Ground Armor Level 1  
  81  5:32  Drone  
  81  5:35  Drone  
  81  5:36  Drone  
  81  5:38  Drone  
  81  5:42  Zerg Missile Weapons Level 2  
  84  5:45  Drone x2  
  84  5:48  Drone, Extractor  
  86  5:53  Drone x3  
  86  5:56  Roach x2  
  93  5:58  Drone  
  94  6:05  Overlord  
  94  6:07  Roach x3  
  94  6:09  Drone  
  101  6:12  Drone  
  101  6:16  Roach x2  
  106  6:21  Overlord  
  106  6:22  Overlord  
  106  6:24  Roach x3  
  112  6:28  Overlord  
  112  6:34  Drone  
  112  6:36  Roach  
  112  6:39  Overlord  
  114  6:42  Roach x2  
  114  6:44  Roach  
  114  6:46  Roach  
  122  6:47  Hatchery  
  122  6:49  Overlord  
  122  6:50  Overlord  
  122  6:51  Roach  
  122  6:53  Roach  
  125  6:54  Roach  
  125  6:56  Roach  
  125  6:57  Roach  
  131  7:02  Overlord  
  131  7:04  Roach x2  
  131  7:06  Overlord  
  135  7:09  Roach x2  
  135  7:13  Roach  
  141  7:16  Roach  
  141  7:17  Overlord  
  141  7:18  Roach x2  
  141  7:22  Roach x2  
  151  7:25  Zerg Ground Armor Level 2  
  151  7:31  Ravager x5  
  151  7:32  Ravager  
  151  7:33  Roach x2  
  161  7:37  Overlord x2  
  161  7:39  Roach  
  164  7:45  Drone  
  164  7:50  Roach x5  
  174  7:52  Roach, Overlord  
  173  7:59  Roach  
  173  8:00  Roach x4  
  173  8:01  Drone  
  184  8:06  Roach x3  
  184  8:08  Ravager  
  184  8:09  Hatchery  
  189  8:15  Extractor, Hydralisk Den  
  189  8:16  Roach x2  
  189  8:17  Roach  
  189  8:18  Roach  
  188  8:21  Ravager  
  188  8:24  Roach x2  
  193  8:30  Drone  
  170  8:44  Roach x2  
  170  8:47  Roach x2  
  140  8:51  Roach x6  
  140  8:54  Roach  
  137  8:56  Roach  
  137  9:02  Lurker Den  
  130  9:03  Roach  
  130  9:04  Roach  
  130  9:05  Roach x2  
  130  9:08  Roach x2  
  142  9:12  Roach  
  142  9:14  Unknown  
  142  9:16  Ravager, Roach  
  147  9:19  Roach  
  147  9:22  Roach  
  147  9:23  Roach  
  153  9:26  Roach  
  153  9:29  Roach, Extractor, Queen  
  160  9:31  Roach  
  160  9:33  Roach  
  160  9:37  Roach  
  160  9:38  Roach, Overlord x2  
  166  9:39  Roach x3  
  166  9:44  Overlord  
  172  9:49  Overlord x2  
  172  9:54  Overlord  
Tags
 
Add a new tag
Caveats
  • Supply blocks, unpowered buildings, or Contaminate may cause inaccurate times.
  • Supply counts are checked every 10 seconds.